 Dungeon Crawl Stone Soup version 0.29.1-4-g47bece8355 (webtiles) character file.

Game seed: 658524090178951294

63 jiml777 the Trooper (level 3, -26/32 HPs)
             Began as a Demonspawn Chaos Knight on Dec 1, 2022.
             Was a Plaything of Xom.
             Killed by an exploding Robin (41 damage)
             ... ignited by their inner flame
             ... on level 3 of the Dungeon.
             The game lasted 00:07:29 (1973 turns).

jiml777 the Trooper (Demonspawn Chaos Knight)       Turns: 1973, Time: 00:07:30

Health: -26/32     AC:  8    Str: 14    XL:     3   Next: 87%
Magic:  3/3        EV: 11    Int: 13    God:    Xom [..*...]
Gold:   192        SH:  4    Dex: 21    Spells: 2/2 levels left

rFire   . . .      SeeInvis .   a - +0 short sword (chaos)
rCold   . . .      Faith    .   (no shield)
rNeg    . . .      Spirit   .   b - +2 leather armour
rPois   .          Reflect  .   (helmet restricted)
rElec   .          Harm     .   f - +0 cloak
rCorr   .          Rampage  .   l - +1 pair of gloves {Dex+3}
Will    .....                   (no boots)
Stlth   ++........              (no amulet)
HPRegen 0.10/turn               n - +6 ring of dexterity
MPRegen 0.08/turn               (no ring)

@: lethally poisoned (-26 -> -35), hasted, studying Fighting, very quick
A: horns 1, large bone plates 1
a: Renounce Religion


You were on level 3 of the Dungeon.
You worshipped Xom.
You were a toy of Xom.
You visited 1 branch of the dungeon, and saw 3 of its levels.

You collected 192 gold pieces.

Inventory:

Hand Weapons
 a - a +0 short sword of chaos (weapon)
Missiles
 i - 22 stones
 s - 4 boomerangs
Armour
 b - a +2 leather armour (worn)
 d - a +0 scale mail
 f - a +0 cloak (worn)
 l - a +1 pair of gloves of dexterity (worn)
Jewellery
 n - a +6 ring of dexterity (left hand)
Scrolls
 h - a scroll of noise
 j - a scroll of immolation
 m - 2 scrolls of teleportation {unknown}
 o - a scroll of fear {unknown}
 p - a scroll of vulnerability {unknown}
 q - a scroll of butterflies {unknown}
Potions
 e - a potion of brilliance {unknown}
 g - a potion of curing {unknown}
 k - a potion of resistance {unknown}
 r - a potion of haste
Miscellaneous
 c - a piece from Xom's chessboard (15/15) (quivered)


   Skills:
 + Level 4.9 Fighting
 + Level 3.3 Short Blades
 + Level 2.0 Armour
 + Level 1.0 Dodging


You had 2 spell levels left.
You didn't know any spells.
Your spell library was empty.

Dungeon Overview and Level Annotations

Branches:
Dungeon (3/15)

Altars:
Xom


Innate Abilities, Weirdness & Mutations

You have a pair of small horns on your head.
You are partially covered in large bone plates. (SH +4)


Message History

You miss the goblin.
The goblin is moderately wounded.
The goblin hits you but does no damage.
You closely miss the goblin.
The goblin is moderately wounded.
The goblin hits you but does no damage.
You hit the goblin. You freeze the goblin.
You kill the goblin!
You hit the goblin. You drain the goblin.
You kill the goblin!
You closely miss Robin. Robin stings you but does no damage.
You barely miss Robin. Robin closely misses you.
Okay, then.
Okay, then.
As you read the scroll labelled ZAROAG HAWNORE, it crumbles to dust.
You hear a loud clanging noise!
It was a scroll of noise.
You hear a shout!
Robin stings you.
You are poisoned.
Robin poisons you!
As you read the scroll labelled JAANGE WOXYNWU, it crumbles to dust.
The creatures around you are filled with an inner flame!
It was a scroll of immolation.
You feel sick. Robin stings you.
You are more poisoned.
Robin poisons you! Robin barely misses you.
It was a potion of haste.
You feel yourself speed up.
You feel very sick.
A goblin comes into view. It is wielding a +0 dagger.
Robin closely misses you.
You hit Robin.
Flame seeps out of Robin.
Lightning courses through Robin!
Flame seeps out of Robin.
Robin is heavily wounded.
You feel sick.
Robin is engulfed in blazing flames.
Robin the scorpion explodes!
The fiery explosion engulfs the goblin!! x2
The fiery explosion engulfs you!!!
Ouch! That really hurt!
You die...
Xom roars with laughter!

.. .# ... #### .†. ... #...##
.... #.# ..P..#
...!##.########P.#
.....#§○@...#..# #..#)######P.#
##...##.P..P# #.....##...##
#.####g##########
#...)g..[.##.#
.>g..........##.###############
b.g.#........##..#.............
...................#####..#####


You could see a hobgoblin and a goblin.

Vanquished Creatures
  A scorpion (D:3)
  An adder (D:2)
  A ball python (D:2)
  2 bats (D:1)
  3 endoplasms (D:1)
  A giant cockroach (D:2)
  9 goblins
  8 hobgoblins
  6 jackals (D:2)
  A quokka (D:2)
  3 frilled lizards
  4 kobolds
  7 rats
47 creatures vanquished.

Vanquished Creatures (others)
  2 withered plants (D:2)
2 creatures vanquished.

Grand Total: 49 creatures vanquished

Notes
Turn   | Place    | Note
-------+----------+-------------------------------------------
     0 | D:1      | jiml777 the Demonspawn Chaos Knight began the quest for the
                  | Orb.
     0 | D:1      | Reached XP level 1. HP: 18/18 MP: 1/1
   231 | D:1      | Gained mutation: You have a pair of small horns on your
                  | head. [demonic ancestry]
   231 | D:1      | Reached XP level 2. HP: 15/25 MP: 2/2
   292 | D:1      | XOM: silly message
   400 | D:1      | XOM: cloud trail
   475 | D:1      | Reached skill level 4 in Fighting
   526 | D:1      | XOM: silly message
   729 | D:2      | XOM: confusion
   802 | D:2      | Found a shimmering altar of Xom.
   995 | D:2      | Gained mutation: You are partially covered in large bone
                  | plates. (SH +4) [demonic ancestry]
   995 | D:2      | Reached XP level 3. HP: 28/31 MP: 3/3
  1513 | D:2      | XOM: torment (17/32 hp)
  1697 | D:2      | Found a faded altar of an unknown god.
  1950 | D:3      | Noticed Robin
  1959 | D:3      | Noticed Robin
  1959 | D:3      | Robin changed into Robin the scorpion
  1959 | D:3      | XOM: polymorph Robin -> Robin the scorpion
  1963 | D:3      | Reached skill level 1 in Dodging
  1973 | D:3      | Killed Robin the scorpion
  1973 | D:3      | Killed by an exploding Robin... ignited by their inner
                  | flame

Illustrated notes

Levels and vault maps discovered:
D:1:      dpeg_arrival_shelter, layout_rooms
D:2:      layout_loops_ring, shapermc_ecumenical_altar_flowoftime, basic_altar
D:3:      layout_rooms, nicolae_uskayaw_murder_on_the_dancefloor,
          serial_aquarium, aquarium_bridge_square [aquarium_subvault_bridge,
          aquarium_subvault_bridge, aquarium_subvault_balcony,
          aquarium_subvault_bridge], aquarium_window_2, aquarium_window_2,
          aquarium_view_2d, aquarium_view_2b, aquarium_balcony_1b,
          aquarium_pool_side, uniq_robin

Skill      XL: |  1  2  3 |
---------------+----------+-----
Fighting       | 4 |  4.9
Short Blades   | 3 |  3.3
Armour         | 2 |  2.0
Dodging        | 1 |  1.0

Action                   || total
-------------------------++-------
Melee: Short sword       ||   136
       Headbutt          ||    18
  Use: Scroll            ||     2
       Potion            ||     1
 Stab: Sleeping          ||     1
Armor: Scale mail        ||    16
       Leather armour    ||    43
Dodge: Dodged            ||    69
Block: Other             ||    12
